 Dungeon Crawl Stone Soup version 0.25-a0-719-gde951dce62 (webtiles) character file.

Game seed: 742456956275196571, levelgen mode: deterministic

3085 Conn the Thaumaturge (level 9, 0/61 HPs)
             Began as an Octopode Wizard on Apr 6, 2020.
             Was a Believer of Sif Muna.
             Slain by a quokka (3 damage)
             ... on level 8 of the Dungeon.
             The game lasted 00:40:03 (9901 turns).

Conn the Thaumaturge (Octopode Wizard)              Turns: 9901, Time: 00:40:10

Health: 0/61       AC:  3    Str: 10    XL:     9   Next: 89%
Magic:  10/21      EV: 14    Int: 20    God:    Sif Muna [**....]
Gold:   674        SH:  0    Dex: 10    Spells: 13/24 levels left

rFire    . . .     SeeInvis .   a - +2 short sword (flame)
rCold    . . .     Gourm    .   (no shield)
rNeg     . . .     Faith    .   f - +2 hat
rPois    .         Spirit   .   (no amulet)
rElec    .         Reflect  .   z - ring of protection from magic
rCorr    .         Harm     .   (no ring)
MR       +....                  (no ring)
Stlth    +++.......             (no ring)
HPRegen  0.20/turn              (no ring)
MPRegen  0.17/turn              (no ring)
                                (no ring)
                                (no ring)

@: no status effects
A: almost no armour, stealthy swim, amphibious, 8 rings, constrict 8, camouflage
1, gelatinous body 1
a: Channel Magic, Renounce Religion


You were on level 8 of the Dungeon.
You worshipped Sif Muna.
Sif Muna was pleased with you.
You were not hungry.

You visited 2 branches of the dungeon, and saw 9 of its levels.
You also visited: Ossuary.

You collected 674 gold pieces.

Inventory:

Hand Weapons
 a - a +2 short sword of flaming (weapon)
 b - a +2 shortbow of freezing
Missiles
 n - 60 sling bullets
 A - 6 atropa-tipped darts (quivered)
 F - 58 arrows
Armour
 f - a +2 hat (worn)
Magical Staves
 B - an uncursed staff of summoning
 C - an uncursed staff of energy
Jewellery
 z - a ring of protection from magic (left tentacle)
Wands
 y - a wand of flame (16)
Scrolls
 d - a scroll of fear
 e - 3 scrolls of enchant armour
 g - 2 scrolls of fog
 h - 3 scrolls of teleportation
 j - 4 scrolls of blinking {unknown}
 k - 5 scrolls of remove curse {unknown}
 l - 15 scrolls of identify {unknown}
 m - 3 scrolls of enchant weapon {unknown}
 r - 2 scrolls of random uselessness {unknown}
 s - 3 scrolls of magic mapping {unknown}
 v - 3 scrolls of amnesia {unknown}
Potions
 i - 8 potions of curing
 o - 2 potions of heal wounds
 p - a potion of might
 q - a potion of cancellation
 t - a potion of degeneration {unknown}
 u - 5 potions of stabbing {unknown}
 w - a potion of ambrosia {unknown}
 x - a potion of brilliance {unknown}
 E - a potion of flight {unknown}
Comestibles
 c - 12 rations
 D - 5 chunks of flesh


   Skills:
 + Level 5.1 Fighting
 + Level 4.0 Short Blades
 + Level 2.0 Bows
 + Level 3.7 Dodging
 - Level 2.9 Stealth
 + Level 8.0 Spellcasting
 + Level 3.8 Conjurations
 + Level 3.2 Summonings
 + Level 1.7 Translocations
 + Level 2.0 Air Magic
 + Level 1.6 Poison Magic
 * Level 3.9 Invocations
 + Level 0.2 Evocations


You had 13 spell levels left.
You knew the following spells:

 Your Spells              Type           Power        Failure   Level  Hunger
a - Magic Dart            Conj           ###.         1%          1    None
b - Blink                 Tloc           N/A          6%          2    None
c - Call Imp              Summ           ###.....     3%          2    None
d - Conjure Flame         Conj/Fire      ###.....     12%         3    None
e - Mephitic Cloud        Conj/Pois/Air  ###.....     9%          3    None

Your spell library contained the following spells:

 Spells                   Type           Power        Failure   Level  Hunger
 Slow                     Hex            #.......     13%         2    None


Dungeon Overview and Level Annotations

Branches:
Dungeon (8/15)             Temple (1/1) D:5         Ossuary (visited)
   Lair: D:8-11

Altars:
Ashenzari
Cheibriados
Dithmenos
Elyvilon
Gozag
Hepliaklqana
Kikubaaqudgha
Makhleb
Nemelex Xobeh
Okawaru
Ru
Sif Muna
Trog
Uskayaw
Vehumet
Wu Jian
Xom
Zin
The Shining One

Annotations:
D:6 Maggie


Innate Abilities, Weirdness & Mutations

You cannot wear most types of armour.
You are very stealthy in the water. (Stealth+)
You are amphibious.
You can wear up to eight rings at the same time.
You can use your tentacles to constrict eight enemies at once.
Your skin changes colour to match your surroundings (Stealth+).
Your rubbery body absorbs attacks. (AC +1, EV +1)


Message History

The quokka is heavily wounded.
You constrict the quokka.
The centaur seems less confused.
The centaur wields a +0 shortbow.
The centaur shoots an arrow.
The arrow hits you!!
* * * LOW HITPOINT WARNING * * *
The quokka closely misses you.
Your crimson imp hits the centaur but does no damage.
Casting: Mephitic Cloud (safe; 9% risk of failure)
Confirm with . or Enter, or press ? or * to list all spells.
Aiming: Mephitic Cloud (safe; 9% risk of failure)
Press: ? - help, Shift-Dir - straight line, f/p - centaur
Aim: a centaur, wielding a +0 shortbow and quivering 11 arrows (severely wounded)
Okay, then.
You release your grip on the quokka.
The centaur unwields a +0 shortbow.
The centaur hits you!
* * * LOW HITPOINT WARNING * * *
The quokka closely misses you.
Your crimson imp barely misses the centaur.
The quokka bites you.
You die...

..... # . #.# ##### ...†...#
.. +.+ ..)....#. #.# .......
+.+ ...####.#)##### #.#######
......†.)...... +.'.#....
#.#.####### #.###....
#########.#5r.....# #'###....
#........c#c@(....# #.#8#....
#.........##.########..#####.
#......(..##.# #....## #.
#............# #.#...# #.
#...###......# #W#.#.## #.
#...###......# #.#.#..# #.
..........##.# #§#)##.# #.
###########.# #.#.##.###.
######## #.# #.#.##..##.


You could see a centaur, a quokka and a friendly crimson imp.

Vanquished Creatures
  Prince Ribbit (D:8)
  A wyvern (D:8)
  An orc warrior (D:8)
  2 sky beasts
  2 phantoms (D:7)
  3 black bears (D:7)
  3 ogres
  2 centaurs
  A water moccasin skeleton (D:7)
  3 scorpions (D:8)
  4 wights (D:6)
  2 crimson imps
  A jelly (D:8)
  A centaur zombie (D:8)
  5 hounds
  5 orc priests
  5 orc wizards
  Jessica (D:2)
  4 iguanas
  6 worker ants
  A killer bee zombie (D:7)
  A big kobold zombie (Ossuary)
  A hound skeleton (D:4)
  7 mummies (Ossuary)
  A worker ant zombie (D:6)
  4 gnolls (D:4)
  12 adders
  3 shadow imps
  An ooze (D:3)
  An adder skeleton (D:8)
  A worm (D:5)
  4 dart slugs
  6 leopard geckos
  24 orcs
  3 giant cockroaches
  9 goblins
  8 hobgoblins
  3 jackals (D:1)
  8 kobolds
  4 quokkas
  5 ball pythons
  5 bats
  5 frilled lizards
  2 hobgoblin zombies (Ossuary)
  A jackal skeleton (D:4)
  3 kobold zombies (Ossuary)
  A leopard gecko skeleton (D:4)
  2 quokka zombies
  13 rats
  A fungus (D:2)
193 creatures vanquished.

Vanquished Creatures (collateral kills)
  An ogre (D:4)
  2 bullfrogs
  A crimson imp (D:8)
  Crazy Yiuf (D:2)
  A mummy (Ossuary)
  An adder (D:3)
  An orc (D:6)
  A goblin (D:2)
  A hobgoblin zombie (Ossuary)
  A kobold zombie (Ossuary)
11 creatures vanquished.

Grand Total: 204 creatures vanquished

Notes
Turn   | Place    | Note
-------+----------+-------------------------------------------
     0 | D:1      | Conn the Octopode Wizard began the quest for the Orb.
     0 | D:1      | Reached XP level 1. HP: 11/11 MP: 4/4
    40 | D:1      | Reached XP level 2. HP: 17/17 MP: 0/6
    48 | D:1      | Learned a level 2 spell: Blink
    51 | D:1      | Learned a level 2 spell: Call Imp
   827 | D:2      | Found a glowing golden altar of the Shining One.
   828 | D:2      | Found a hazy altar of Hepliaklqana.
   855 | D:2      | Reached XP level 3. HP: 21/21 MP: 4/8
  1253 | D:3      | Learned a level 3 spell: Conjure Flame
  1607 | D:1      | Reached skill level 4 in Spellcasting
  1763 | D:1      | Reached XP level 4. HP: 27/27 MP: 7/10
  2161 | D:2      | Learned a level 3 spell: Mephitic Cloud
  2462 | D:2      | Found a bloodstained altar of Trog.
  2467 | D:2      | Reached skill level 1 in Fighting
  2484 | D:2      | Noticed Jessica
  2489 | D:2      | Killed Jessica
  2575 | D:2      | Found a runed translucent door.
  2576 | D:2      | Noticed Crazy Yiuf
  2725 | D:3      | Noticed a bullfrog
  2733 | D:3      | Killed a bullfrog
  2733 | D:3      | Reached skill level 1 in Short Blades
  2733 | D:3      | Reached XP level 5. HP: 17/33 MP: 8/11
  3439 | D:2      | Killed Crazy Yiuf
  3618 | D:3      | Reached XP level 6. HP: 38/38 MP: 13/13
  3820 | D:4      | Reached skill level 5 in Spellcasting
  3844 | D:4      | Found a sand-covered staircase.
  3876 | Ossuary  | Entered an ossuary
  4532 | D:4      | Reached XP level 7. HP: 22/45 MP: 5/15
  5323 | D:5      | Entered Level 5 of the Dungeon
  5335 | D:5      | Found a white marble altar of Elyvilon.
  5592 | D:5      | Reached skill level 6 in Spellcasting
  5973 | D:5      | Found a staircase to the Ecumenical Temple.
  5982 | Temple   | Entered the Ecumenical Temple
  6009 | Temple   | Became a worshipper of Sif Muna the Loreminder
  6232 | D:6      | Noticed Maggie
  6663 | D:6      | Reached XP level 8. HP: 44/52 MP: 5/17
  6940 | D:7      | Found a glowing silver altar of Zin.
  7092 | D:7      | Reached skill level 1 in Invocations
  7097 | D:7      | Reached skill level 1 in Air Magic
  7123 | D:7      | Reached * piety under Sif Muna
  7934 | D:7      | Reached skill level 7 in Spellcasting
  7967 | D:7      | Reached XP level 9. HP: 30/60 MP: 4/19
  8308 | D:7      | Reached skill level 5 in Fighting
  8485 | D:7      | Reached skill level 1 in Poison Magic
  8670 | D:7      | Found an ornate altar of the Wu Jian Council.
  9068 | D:8      | Noticed Prince Ribbit
  9078 | D:8      | Killed Prince Ribbit
  9078 | D:8      | Reached skill level 1 in Bows
  9697 | D:8      | Reached ** piety under Sif Muna
  9896 | D:8      | Reached skill level 8 in Spellcasting
  9901 | D:8      | HP: 3/61 [centaur (9)]
  9901 | D:8      | Slain by a quokka

Levels and vault maps discovered:
D:1:      dpeg_arrival_pits, layout_basic
D:2:      layout_basic, overflow_temple_1_default,
          chequers_temple_overflow_statue_of_worship, minmay_cut_off,
          uniq_jessica, uniq_crazy_yiuf_cottage
D:3:      layout_basic
D:4:      layout_basic, first_ration, enter_ossuary_2,
          ebering_dispersal_statue_hall, minmay_snake_closets
D:5:      layout_cave_pools, lemuel_doored_altar,
          minmay_temple_entry_glassed_door
D:6:      layout_basic, uniq_maggie
D:7:      layout_loops_cross, lemuel_coloured_pillars_altar, zin_academy
D:8:      layout_basic, lemuel_mausoleum_altar_yredelemnul, old_standard_altar,
          uniq_prince_ribbit1, uniq_maurice
Temple:   cyrus_circular_temple

Skill      XL: |  1  2  3  4  5  6  7  8  9 |
---------------+----------------------------+-----
Spellcasting   | 4 5 6 7 8 |  8.0
Fighting       | 1 2 3 4 5 |  5.1
Short Blades   | 1 2 3 4 |  4.0
Conjurations   | 2 3 |  3.8
Summonings     | 2 3 |  3.2
Invocations    | 2 3 |  3.9
Air Magic      | 1 2 |  2.0
Dodging        | 3 |  3.7
Poison Magic   | 1 |  1.6
Bows           | 2 |  2.0
Stealth        | |  2.9
Translocations | |  1.7
Evocations     | |  0.2

Action                   |  1- 3 |  4- 6 |  7- 9 || total
-------------------------+-------+-------+-------++-------
Melee: Unarmed           |    21 |       |       ||    21
       Tentacles         |     8 |     9 |    39 ||    56
       Constrict         |    18 |    20 |    54 ||    92
       Short sword       |    41 |    81 |   255 ||   377
       Staff             |       |       |     2 ||     2
 Fire: Shortbow          |       |       |    13 ||    13
Throw: Throwing net      |       |       |     1 ||     1
 Cast: Magic Dart        |    45 |    70 |   134 ||   249
       Call Imp          |     2 |    24 |    26 ||    52
       Blink             |       |     1 |    14 ||    15
       Mephitic Cloud    |       |     1 |    34 ||    35
       Conjure Flame     |       |       |     4 ||     4
Invok: Channel Magic     |       |       |     2 ||     2
Evoke: Wand              |       |       |     3 ||     3
  Use: Potion            |       |     2 |     9 ||    11
       Scroll            |       |       |     7 ||     7
 Stab: Distracted        |     1 |       |       ||     1
       Sleeping          |     2 |     4 |    12 ||    18
       Confused          |       |       |     8 ||     8
  Eat: Chunk             |     3 |     6 |    13 ||    22
       Ration            |       |     1 |     1 ||     2
Armor: Skin              |     4 |     6 |    16 ||    26
Dodge: Dodged            |    48 |    39 |   182 ||   269

Table legend:
 A = Non-vault XP
 B = Vault XP
 C = Vault XP percentage of total XP
 D = Non-vault monster count
 E = Vault monster count
 F = Vault count percentage of total count
                 A         B        C        D         E       F
            +---------+---------+-------+---------+---------+-------
      Total |    3859 |     549 |  12.5 |     174 |      29 |  14.3
            +---------+---------+-------+---------+---------+-------
        D:1 |      50 |       0 |   0.0 |      30 |       0 |   0.0
        D:2 |      63 |      63 |  50.0 |      22 |       5 |  18.5
        D:3 |     146 |       0 |   0.0 |      17 |       0 |   0.0
        D:4 |     262 |      58 |  18.1 |      18 |       7 |  28.0
        D:5 |     300 |       0 |   0.0 |      11 |       0 |   0.0
        D:6 |     371 |       0 |   0.0 |      18 |       0 |   0.0
        D:7 |    1223 |       0 |   0.0 |      23 |       0 |   0.0
        D:8 |    1444 |     268 |  15.7 |      35 |       1 |   2.8
    Ossuary |       0 |     160 | 100.0 |       0 |      16 | 100.0
            +---------+---------+-------+---------+---------+-------
